 Dungeon Crawl Stone Soup version 0.25-a0-294-gea9b1ad378 (webtiles) character file.

Game seed: 2372094613966304039, levelgen mode: deterministic

280 MoonlitKnight the Charmwright (level 6, -8/50 HPs)
             Began as a Gnoll Skald on Dec 16, 2019.
             Mangled by an orc warrior
             ... wielding a +0 battleaxe
              (20 damage)
             ... on level 4 of the Dungeon.
             The game lasted 00:05:26 (2508 turns).

MoonlitKnight the Charmwright (Gnoll Skald)         Turns: 2508, Time: 00:05:26

Health: -8/50      AC:  5    Str: 14    XL:     6   Next: 27%
Magic:  8/14       EV: 15    Int: 15    God:
Gold:   37         SH:  0    Dex: 16    Spells: 4/15 levels left

rFire    . . .     SeeInvis .   l - +2 dagger (venom)
rCold    + . .     Gourm    .   (no shield)
rNeg     . . .     Faith    .   w - +0 leather armour {rC+}
rPois    .         Spirit   .   h - +1 hat
rElec    .         Reflect  .   r - +0 cloak
rCorr    .         Harm     .   (no gloves)
MR       .....                  (no boots)
Stlth    ++........             (no amulet)
HPRegen  0.16/turn              (no ring)
MPRegen  0.14/turn              (no ring)

@: no status effects
A: distributed training, fangs 1, strong nose
a: no special abilities


You were on level 4 of the Dungeon.
You were not hungry.

You visited 1 branch of the dungeon, and saw 5 of its levels.

You collected 37 gold pieces.

Inventory:

Hand Weapons
 a - a +0 spear
 c - a +0 hunting sling
 l - a +2 dagger of venom (weapon)
Missiles
 k - 20 poisoned darts (quivered)
Armour
 h - a +1 hat (worn)
 r - a +0 cloak (worn)
 w - a +0 leather armour of cold resistance (worn)
Jewellery
 u - an uncursed ring of positive energy {unknown}
Scrolls
 b - 4 scrolls of remove curse {unknown}
 e - 2 scrolls of teleportation {unknown}
 m - a scroll of noise {unknown}
 n - a scroll of enchant armour {unknown}
 q - a scroll of identify {unknown}
 s - a scroll of amnesia {unknown}
 t - a scroll of enchant weapon {unknown}
Potions
 f - a potion of lignification {unknown}
 g - a potion of might {unknown}
 i - 3 potions of brilliance {unknown}
 o - a potion of magic {unknown}
 v - a potion of haste {unknown}
Comestibles
 d - 2 rations
 p - 5 chunks of flesh


   Skills:
 + Level 4.9 Fighting
 + Level 1.8 Short Blades
 + Level 1.8 Long Blades
 + Level 1.8 Axes
 + Level 1.8 Maces & Flails
 + Level 4.9 Polearms
 + Level 1.8 Staves
 + Level 1.8 Slings
 + Level 1.8 Bows
 + Level 1.8 Crossbows
 + Level 1.8 Throwing
 + Level 3.2 Armour
 + Level 4.9 Dodging
 + Level 1.8 Stealth
 + Level 1.8 Shields
 + Level 1.8 Unarmed Combat
 + Level 5.3 Spellcasting
 + Level 1.4 Conjurations
 + Level 1.4 Hexes
 + Level 5.6 Charms
 + Level 1.4 Summonings
 + Level 1.4 Necromancy
 + Level 1.4 Translocations
 + Level 1.4 Transmutations
 + Level 1.4 Fire Magic
 + Level 1.4 Ice Magic
 + Level 1.4 Air Magic
 + Level 1.4 Earth Magic
 + Level 1.4 Poison Magic
 + Level 2.0 Invocations
 + Level 1.8 Evocations


You had 4 spell levels left.
You knew the following spells:

 Your Spells              Type           Power        Failure   Level  Hunger
a - Infusion              Chrm           ###.         1%          1    None
b - Shroud of Golubria    Chrm/Tloc      ##....       7%          2    #......
c - Spectral Weapon       Hex/Chrm       ##......     14%         3    ###....
d - Regeneration          Chrm/Necr      ##........   14%         3    ###....
e - Song of Slaying       Chrm           ###.....     3%          2    #......

Your spell library contained the following spells:

 Spells                   Type           Power        Failure   Level  Hunger


Dungeon Overview and Level Annotations

Branches:
Dungeon (5/15)
 Temple: D:4-7

Altars:
Ashenzari
Sif Muna

Annotations:
D:2 1 runed translucent door, Crazy Yiuf


Innate Abilities, Weirdness & Mutations

Your experience applies equally to all skills.
You have very sharp teeth.
Your uncanny sense of smell can sniff out nearby items.


Message History

The orc warrior is too close now for your liking.
An orc warrior is nearby!
There is an open door here.
Casting: Spectral Weapon (safe; 14% risk of failure)
Confirm with . or Enter, or press ? or * to list all spells.
Space distorts slightly along a thin shroud covering your body.
Casting: Shroud of Golubria (safe; 7% risk of failure)
Confirm with . or Enter, or press ? or * to list all spells.
You draw out your weapon's spirit!
The orc warrior hits you with a +0 battleaxe!
There is an open door, spattered with blood here.
The orc warrior hits you with a +0 battleaxe!
* * * LOW HITPOINT WARNING * * *
The orc warrior barely misses your spectral weapon.
You hit the orc warrior but do no damage.
The orc warrior is poisoned.
Your spectral weapon hits the orc warrior but does no damage.
The orc warrior looks as sick as possible!
The orc warrior hits you with a +0 battleaxe!!
You die...

#### ########## ##...#
#...[....###
##.....##...#รท.....#
#.......#...##.....#
#......@(...##......#
#......o#...####......
##.....##...# ########
#. ##...# #...###..[##
#..###### #...##....(##
........####...#......(#
#......##...'.......#
##.....##...#......)#
#......#...##.....##


You could see an orc warrior and a friendly spectral +2 dagger of venom.

Vanquished Creatures
  A howler monkey (D:4)
  2 hounds (D:4)
  An iguana (D:5)
  8 adders
  3 worms (D:2)
  A dart slug (D:2)
  5 leopard geckos
  2 orcs (D:4)
  5 bats
  3 giant cockroaches
  8 goblins
  6 hobgoblins
  3 jackals (D:2)
  11 kobolds
  2 quokkas (D:2)
  A ball python (D:1)
  6 frilled lizards
  10 rats
78 creatures vanquished.

Notes
Turn   | Place    | Note
-------+----------+-------------------------------------------
     0 | D:1      | MoonlitKnight the Gnoll Skald began the quest for the Orb.
     0 | D:1      | Reached XP level 1. HP: 20/20 MP: 6/6
   144 | D:1      | Reached XP level 2. HP: 26/26 MP: 4/7
   152 | D:1      | Learned a level 2 spell: Shroud of Golubria
   586 | D:1      | Reached XP level 3. HP: 28/31 MP: 9/9
   642 | D:1      | Learned a level 3 spell: Spectral Weapon
   646 | D:1      | Learned a level 3 spell: Regeneration
   649 | D:1      | Learned a level 2 spell: Song of Slaying
   653 | D:1      | Reached skill level 5 in Spellcasting
   910 | D:2      | Reached skill level 1 in Invocations
   978 | D:2      | Reached skill level 1 in Short Blades
   978 | D:2      | Reached skill level 1 in Long Blades
   978 | D:2      | Reached skill level 1 in Axes
   978 | D:2      | Reached skill level 1 in Maces & Flails
   978 | D:2      | Reached skill level 1 in Staves
   978 | D:2      | Reached skill level 1 in Slings
   978 | D:2      | Reached skill level 1 in Bows
   978 | D:2      | Reached skill level 1 in Crossbows
   978 | D:2      | Reached skill level 1 in Throwing
   978 | D:2      | Reached skill level 1 in Stealth
   978 | D:2      | Reached skill level 1 in Shields
   978 | D:2      | Reached skill level 1 in Unarmed Combat
   978 | D:2      | Reached skill level 1 in Evocations
  1018 | D:2      | Reached XP level 4. HP: 34/38 MP: 11/11
  1606 | D:2      | Found a runed translucent door.
  1607 | D:2      | Noticed Crazy Yiuf
  1675 | D:3      | Reached skill level 1 in Conjurations
  1675 | D:3      | Reached skill level 1 in Hexes
  1675 | D:3      | Reached skill level 1 in Summonings
  1675 | D:3      | Reached skill level 1 in Necromancy
  1675 | D:3      | Reached skill level 1 in Translocations
  1675 | D:3      | Reached skill level 1 in Transmutations
  1675 | D:3      | Reached skill level 1 in Fire Magic
  1675 | D:3      | Reached skill level 1 in Ice Magic
  1675 | D:3      | Reached skill level 1 in Air Magic
  1675 | D:3      | Reached skill level 1 in Earth Magic
  1675 | D:3      | Reached skill level 1 in Poison Magic
  1932 | D:3      | Reached XP level 5. HP: 43/43 MP: 12/12
  1935 | D:3      | Found a shimmering blue altar of Sif Muna.
  2228 | D:3      | Found a shattered altar of Ashenzari.
  2372 | D:3      | You fall into a shaft and drop 2 floors!
  2372 | D:5      | Entered Level 5 of the Dungeon
  2458 | D:4      | Noticed an orc warrior
  2468 | D:4      | Reached XP level 6. HP: 43/50 MP: 13/13
  2508 | D:4      | Mangled by an orc warrior

Levels and vault maps discovered:
D:1:      mushboom_english_gardens, layout_basic,
          chequers_serial_rivers_small_3, minmay_octomino_c4
D:2:      minmay_alternating_diamond, layout_rooms, uniq_crazy_yiuf_cottage
D:3:      layout_loops_corners, marbit_many_paths,
          nicolae_overflow_hidden_temple, minmay_between
D:4:      minmay_opposing_rooms, layout_rooms, gammafunk_temple_overflow_statue,
          first_ration, uniq_pikel
D:5:      layout_gridville

Skill      XL: |  1  2  3  4  5 |
---------------+----------------+-----
Spellcasting   | 5 |  5.3
Invocations    | 1 2 |  2.0
Short Blades   | 1 |  1.8
Long Blades    | 1 |  1.8
Axes           | 1 |  1.8
Maces & Flails | 1 |  1.8
Staves         | 1 |  1.8
Slings         | 1 |  1.8
Bows           | 1 |  1.8
Crossbows      | 1 |  1.8
Throwing       | 1 |  1.8
Stealth        | 1 |  1.8
Shields        | 1 |  1.8
Unarmed Combat | 1 |  1.8
Evocations     | 1 |  1.8
Conjurations   | 1 |  1.4
Hexes          | 1 |  1.4
Summonings     | 1 |  1.4
Necromancy     | 1 |  1.4
Translocations | 1 |  1.4
Transmutations | 1 |  1.4
Fire Magic     | 1 |  1.4
Ice Magic      | 1 |  1.4
Air Magic      | 1 |  1.4
Earth Magic    | 1 |  1.4
Poison Magic   | 1 |  1.4
Armour         | 3 |  3.2
Fighting       | |  4.9
Polearms       | |  4.9
Dodging        | |  4.9
Charms         | |  5.6

Action                   |  1- 3 |  4- 6 || total
-------------------------+-------+-------++-------
Melee: Spear             |   121 |       ||   121
       Bite              |     9 |     9 ||    18
       Dagger            |     8 |   110 ||   118
       Punch             |       |     1 ||     1
 Cast: Infusion          |     3 |       ||     3
       Spectral Weapon   |     2 |     3 ||     5
       Shroud of Golubri |     1 |     1 ||     2
 Stab: Sleeping          |       |     3 ||     3
  Eat: Chunk             |     1 |     5 ||     6
Armor: Leather armour    |    21 |       ||    21
       Ring mail         |    18 |    25 ||    43
Dodge: Dodged            |    96 |    62 ||   158

Table legend:
 A = Non-vault XP
 B = Vault XP
 C = Vault XP percentage of total XP
 D = Non-vault monster count
 E = Vault monster count
 F = Vault count percentage of total count
                 A         B        C        D         E       F
            +---------+---------+-------+---------+---------+-------
      Total |     231 |     169 |  42.2 |      58 |      20 |  25.6
            +---------+---------+-------+---------+---------+-------
        D:1 |      36 |       8 |  18.2 |      23 |       6 |  20.7
        D:2 |      52 |      27 |  34.2 |      22 |       6 |  21.4
        D:3 |      65 |      14 |  17.7 |      11 |       2 |  15.4
        D:4 |      42 |     120 |  74.1 |       1 |       6 |  85.7
        D:5 |      36 |       0 |   0.0 |       1 |       0 |   0.0
            +---------+---------+-------+---------+---------+-------
